[Event "Titled Tuesday Blitz April 11 Early 2023"]
[White "Dzagnidze, Nana"]
[Black "Nguyen, Hong Anh"]
[WhiteFideId "13601903"]
[BlackFideId "12406732"]
[WhiteElo "2406"]
[BlackElo "2054"]
[Result "0-1"]
[Round "07"]
[TimeControl "180+2"]
[Date "2023.04.11"]
[WhiteClock "0:00:01"]
[BlackClock "0:00:43"]

1. c4 Nf6 2. Nc3 d5 3. cxd5 Nxd5 4. e4 Nb6 5. d4 g6 6. h3 Bg7 7. Nf3 O-O 8. Bf4 Nc6 9. d5 Na5 10. Qc2 c6 11. dxc6 Nxc6 12. Rd1 Bd7 13. Be2 Qc8 14. O-O Nb4 15. Qb3 a5 16. a3 Be6 17. Nd5 N4xd5 18. exd5 Nxd5 19. Rxd5 a4 20. Qb5 Bxd5 21. Qxd5 Qc2 22. Bb5 Qxb2 23. Bc1 Qb3 24. Bc4 Qc2 25. Qb5 Rac8 26. Bd5 Rc5 27. Qxb7 e6 28. Be4 Qb3 29. Be3 Rc4 30. Nd2 Qxb7 31. Bxb7 Rc3 32. Nb1 Rb3 33. Bc6 Rfb8 34. Nd2 Rxa3 35. Rd1 Rd8 36. Rb1 Ra2 37. Nc4 Rc2 38. Na5 a3 39. Ba4 Rb2 40. Rc1 a2 0-1


[Site "https://www.chess.com"]

[Event "Titled Tuesday Blitz April 11 Early 2023"]
[White "Shapiro, Viktor"]
[Black "Kvaloy, Aksel Bu"]
[WhiteFideId "4175700"]
[BlackFideId "1528815"]
[WhiteElo "2152"]
[BlackElo "2208"]
[Result "0-1"]
[Round "07"]
[TimeControl "180+2"]
[Date "2023.04.11"]
[WhiteClock "0:00:04"]
[BlackClock "0:01:23"]

1. c4 e5 2. Nc3 Nf6 3. g3 Bb4 4. Bg2 O-O 5. Nf3 Re8 6. O-O e4 7. Nd4 Nc6 8. Nc2 Bxc3 9. bxc3 d6 10. d3 exd3 11. exd3 Bg4 12. f3 Bf5 13. g4 Bg6 14. f4 h6 15. f5 Bh7 16. Rb1 Ne5 17. h3 c6 18. Rxb7 d5 19. cxd5 Nxd5 20. Qd2 Nb6 21. d4 Nec4 22. Qf4 Nd5 23. Qf3 Qa5 24. Nb4 Nxb4 25. cxb4 Qxa2 26. f6 Be4 27. Qf2 Qxf2+ 28. Rxf2 Bd5 29. Bxd5 cxd5 30. fxg7 Re1+ 31. Rf1 Rxf1+ 32. Kxf1 Kxg7 33. Rd7 a5 34. Rxd5 axb4 0-1


[Site "https://www.chess.com"]

[Event "Titled Tuesday Blitz April 11 Early 2023"]
[White "Lopez, Henry"]
[Black "Chernobay, Artem"]
[WhiteFideId "5203830"]
[BlackFideId "4167406"]
[WhiteElo "2177"]
[BlackElo "2474"]
[Result "0-1"]
[Round "07"]
[TimeControl "180+2"]
[Date "2023.04.11"]
[WhiteClock "0:00:01"]
[BlackClock "0:00:18"]

1. d4 Nf6 2. Nf3 g6 3. c4 Bg7 4. Nc3 O-O 5. e4 d6 6. Be2 e5 7. O-O Nc6 8. d5 Ne7 9. b4 a5 10. Ba3 Nd7 11. bxa5 Rxa5 12. Bb4 Ra8 13. a4 h6 14. Nd2 f5 15. Nb3 Nf6 16. f3 h5 17. c5 Bh6 18. Qd3 h4 19. Nb5 Nh5 20. cxd6 cxd6 21. Bxd6 Nf4 22. Qc2 Rf7 23. Bc7 Qf8 24. Bxe5 h3 25. g3 Ng2 26. Bd4 Ne3 27. Qd3 Nxf1 28. Rxf1 Rxa4 29. Nc5 fxe4 30. fxe4 Rxf1+ 31. Bxf1 Rb4 32. d6 Nc6 33. Bf2 Rb2 34. Be2 Rd2 35. Qc4+ Kh7 36. d7 Bxd7 37. Nxd7 Rxd7 0-1


[Site "https://www.chess.com"]

[Event "Titled Tuesday Blitz April 11 Early 2023"]
[White "Souleidis, Georgios"]
[Black "Rom, Jasper"]
[WhiteFideId "4206827"]
[BlackFideId "2023733"]
[WhiteElo "2401"]
[BlackElo "2233"]
[Result "1-0"]
[Round "07"]
[TimeControl "180+2"]
[Date "2023.04.11"]
[WhiteClock "0:00:17"]
[BlackClock "0:00:01"]

1. e4 e6 2. d4 d5 3. Nc3 Nf6 4. e5 Nfd7 5. f4 c5 6. Nf3 Nc6 7. Be3 Be7 8. Qd2 O-O 9. dxc5 Qa5 10. O-O-O b6 11. Bb5 Bb7 12. Kb1 Rfc8 13. h4 Nxc5 14. Bxc6 Bxc6 15. Nd4 Bb7 16. h5 Nd7 17. Nb3 Qa6 18. h6 g6 19. a3 b5 20. Qe2 Rc4 21. Bd4 Rac8 22. Rh3 b4 23. axb4 Bxb4 24. g4 Bxc3 25. Rxc3 Rxc3 26. Qxa6 Bxa6 27. Bxc3 Bc4 28. Nd4 Nc5 29. Bb4 Ne4 30. b3 Ba6 31. Kb2 Nf2 32. Rg1 Nh3 33. Ra1 Bb7 34. Rxa7 Rc7 35. Bd6 Rd7 36. f5 exf5 37. gxf5 1-0


[Site "https://www.chess.com"]

[Event "Titled Tuesday Blitz April 11 Early 2023"]
[White "Mamedov, Edgar"]
[Black "Reprintsev, Alexander"]
[WhiteFideId "13739980"]
[BlackFideId "14100541"]
[WhiteElo "2330"]
[BlackElo "2211"]
[Result "1-0"]
[Round "07"]
[TimeControl "180+2"]
[Date "2023.04.11"]
[WhiteClock "0:00:03"]
[BlackClock "0:00:05"]

1. Nf3 Nc6 2. b3 e5 3. Bb2 e4 4. Nd4 Qf6 5. e3 Bc5 6. Nc3 Bxd4 7. exd4 Qg6 8. Nb5 Kd8 9. d5 Nce7 10. c4 d6 11. Qc2 Nf6 12. Qc3 h5 13. h4 Bg4 14. f3 exf3 15. gxf3 Bd7 16. O-O-O Bxb5 17. cxb5 Nexd5 18. Qd4 Qf5 19. Bh3 Qf4 20. Rhg1 Qxd4 21. Bxd4 g6 22. Rg5 Re8 23. Bf1 c5 24. bxc6 bxc6 25. Bc4 Re7 26. f4 Kc7 27. f5 Rae8 28. fxg6 fxg6 29. Rxg6 Ne4 30. Bxd5 cxd5 31. Kb2 a5 32. Rh6 Ng3 33. Rc1+ Kd7 34. Bb6 Rc8 35. Rxc8 Kxc8 36. Rxd6 Re5 37. Bxa5 Nf5 38. Rd8+ Kb7 39. Bc3 Re4 40. Rxd5 Rf4 41. Bf6 Kc6 42. Ra5 Kb6 43. Bd8+ Kc6 44. Bg5 Rf2 45. Ra6+ Kb5 46. Rf6 Rf1 47. a4+ Kc5 48. Kc3 Rc1+ 49. Kd3 Ng3 50. Rf3 Nf1 51. Be7+ Kc6 52. Ke2 Nh2 53. Rf5 Kd7 54. Ba3 Rb1 55. Rxh5 Rxb3 56. Bc5 Nf3 57. Be3 Ke6 58. Kxf3 1-0


[Site "https://www.chess.com"]

[Event "Titled Tuesday Blitz April 11 Early 2023"]
[White "Santos Flores, Alberto"]
[Black "Danielyan, Vahe"]
[WhiteFideId "3601234"]
[BlackFideId "13304828"]
[WhiteElo "2235"]
[BlackElo "2423"]
[Result "0-1"]
[Round "07"]
[TimeControl "180+2"]
[Date "2023.04.11"]
[WhiteClock "0:00:02"]
[BlackClock "0:00:04"]

1. d4 Nf6 2. Bf4 d5 3. Nc3 a6 4. e3 c5 5. Nf3 Nc6 6. Bd3 Bg4 7. Be2 e6 8. O-O Bd6 9. Ne5 Bxe2 10. Qxe2 Bxe5 11. Bxe5 Nxe5 12. dxe5 Nd7 13. f4 Qb6 14. b3 h5 15. e4 d4 16. Na4 Qc6 17. Nb2 b5 18. a4 Rb8 19. axb5 axb5 20. Ra7 Qb6 21. Rfa1 c4 22. bxc4 d3+ 23. Qf2 Qxf2+ 24. Kxf2 dxc2 25. Rc1 b4 26. Rxc2 Nc5 27. Ke3 O-O 28. Nd3 Nxd3 29. Kxd3 Rfd8+ 30. Ke3 Rd1 31. c5 Rb1 32. c6 b3 33. c7 bxc2 34. cxb8=Q+ Rxb8 35. Rc7 Rb2 36. g3 g6 37. Kd3 c1=N+ 38. Rxc1 Rxh2 39. Ke3 Kg7 40. Kf3 Ra2 41. Rc3 Ra5 42. Rb3 g5 43. Rb8 g4+ 44. Kf2 Ra2+ 45. Kf1 Ra3 46. Kf2 Rf3+ 47. Kg2 Re3 48. Rb4 Kg6 49. Ra4 Rc3 50. Rb4 Rc2+ 51. Kg1 h4 52. Rb8 hxg3 53. Rg8+ Kh5 54. Rh8+ Kg6 55. Rg8+ Kh7 56. Rxg4 Re2 57. Rxg3 Rxe4 58. Rg4 Kh6 59. Kf2 Ra4 60. Kf3 Kh5 61. Rg5+ Kh6 62. Rg1 Ra3+ 63. Ke4 Ra4+ 64. Ke3 Ra3+ 65. Kd4 Kh7 66. Ke4 Rb3 67. Rf1 Rg3 68. f5 Rg4+ 69. Ke3 Rg5 70. Ke4 Rg4+ 71. Ke3 Kg7 72. fxe6 fxe6 73. Rf6 Rg6 74. Rxg6+ Kxg6 75. Kf4 Kh5 76. Kf3 Kg5 77. Ke4 Kg4 78. Ke3 Kg3 79. Ke4 Kh4 80. Kd4 Kg3 81. Kc5 Kg4 82. Kd4 Kf4 83. Kd3 Kf5 84. Ke3 Kxe5 85. Kd3 Kf4 86. Ke2 Ke4 87. Kf2 Kd3 88. Kf3 e5 0-1


[Site "https://www.chess.com"]

[Event "Titled Tuesday Blitz April 11 Early 2023"]
[White "Shubenkova, Veronika"]
[Black "Bodnaruk, Anastasia"]
[WhiteFideId "44124040"]
[BlackFideId "4181751"]
[WhiteElo "2027"]
[BlackElo "2310"]
[Result "1-0"]
[Round "07"]
[TimeControl "180+2"]
[Date "2023.04.11"]
[WhiteClock "0:00:12"]
[BlackClock "0:00:04"]

1. e4 c5 2. Nc3 d6 3. g3 Nc6 4. Bg2 g6 5. d3 Bg7 6. f4 e6 7. Nf3 Nge7 8. O-O O-O 9. Be3 Nd4 10. Rb1 Nec6 11. Ne2 Bd7 12. c3 Nxe2+ 13. Qxe2 b6 14. g4 f5 15. gxf5 exf5 16. exf5 Bxf5 17. Ng5 d5 18. c4 Ne7 19. Rbd1 h6 20. Nf3 Re8 21. Qf2 Qd6 22. Nh4 d4 23. Bc1 Rad8 24. Qg3 Qf6 25. Kh1 Kh7 26. Rg1 Rf8 27. Be4 Rd6 28. Rde1 Qf7 29. Bd2 Bf6 30. Nxf5 Nxf5 31. Qh3 Bg7 32. Rg5 Kg8 33. Rg2 Ne3 34. Bxe3 dxe3 35. Qxe3 Qxf4 36. Qxf4 Rxf4 37. Bxg6 Bxb2 38. Re8+ Rf8 39. Be4+ Bg7 40. Rxf8+ Kxf8 41. Bd5 Rf6 42. Re2 Rf4 43. Kg2 Bd4 44. Kg3 Rf6 45. a4 Rg6+ 46. Kf4 Rf6+ 47. Kg4 Rf1 48. Be4 Rg1+ 49. Kh3 Ra1 50. Bc6 Rf1 51. Re8+ Kf7 52. Ra8 a5 53. Ra7+ Kf6 54. Rb7 Rb1 55. Bd5 Rb3 56. Be4 Ke5 57. Re7+ Kf4 58. Rf7+ Ke3 59. Rf3+ Kd2 60. Kh4 Ra3 61. Kh5 Rxa4 62. Kxh6 Ra1 63. h4 a4 64. h5 a3 65. Rg3 Kc3 66. Rg2 Rh1 67. Ra2 Kb3 68. Rxa3+ Kxa3 69. Bxh1 Kb4 70. Be4 b5 71. cxb5 Kxb5 72. Bd5 Kb4 73. Bc4 Kc3 74. Kg6 Be3 75. h6 Bd4 76. h7 Kd2 77. Kf7 Ke3 78. Kg8 Kf4 79. h8=Q Bxh8 80. Kxh8 Ke5 81. Kg7 Kd4 82. Kg6 Ke5 83. Kg5 Kd6 84. Kf5 Kc6 85. Ke5 1-0


[Site "https://www.chess.com"]

[Event "Titled Tuesday Blitz April 11 Early 2023"]
[White "Erzhanov, Arman"]
[Black "KRUMMEL2008"]
[WhiteFideId "4138821"]
[WhiteElo "2138"]
[BlackElo "2594"]
[Result "0-1"]
[Round "07"]
[TimeControl "180+2"]
[Date "2023.04.11"]
[WhiteClock "0:00:37"]
[BlackClock "0:00:48"]

1. e4 c5 2. Nf3 d6 3. d4 cxd4 4. Qxd4 Nc6 5. Bb5 Bd7 6. Qd3 g6 7. O-O Bg7 8. h3 Nf6 9. c4 O-O 10. Nc3 a6 11. Bxc6 Bxc6 12. Be3 b5 13. cxb5 axb5 14. Nd4 Qd7 15. Nxc6 Qxc6 16. f3 Qc4 17. Rfd1 Qxd3 18. Rxd3 b4 19. Nb5 Rfc8 20. a4 Nd7 21. Bd4 Nc5 22. Bxc5 dxc5 23. Rd2 c4 24. a5 c3 25. bxc3 bxc3 26. Rc2 Rc5 27. Rb1 Rxa5 28. Rb4 Raxb5 0-1


[Site "https://www.chess.com"]

[Event "Titled Tuesday Blitz April 11 Early 2023"]
[White "Mouhamad, Joachim"]
[Black "Gold_Ocean"]
[WhiteFideId "656410"]
[WhiteElo "2125"]
[BlackElo "2588"]
[Result "0-1"]
[Round "07"]
[TimeControl "180+2"]
[Date "2023.04.11"]
[WhiteClock "0:00:03"]
[BlackClock "0:00:05"]

1. e4 g6 2. d4 Bg7 3. Nc3 d6 4. Nf3 a6 5. Be2 b5 6. a4 b4 7. Na2 a5 8. c3 Nf6 9. Bd3 bxc3 10. Nxc3 Bb7 11. Qb3 Qc8 12. O-O O-O 13. e5 dxe5 14. dxe5 Nfd7 15. e6 Nc5 16. exf7+ Kh8 17. Qc4 Nxd3 18. Qxd3 Ba6 19. Nb5 c6 20. Ng5 cxb5 21. axb5 Bb7 22. Ra4 Qf5 23. Qg3 Nd7 24. Rf4 Qd5 25. Rh4 Nf6 26. Qh3 Nh5 27. Be3 h6 28. Rxh5 gxh5 29. Ne6 Rxf7 30. Nc7 Qf5 31. Qxf5 Rxf5 32. Nxa8 Bxa8 33. Rc1 Bb7 34. b6 Be5 35. Rd1 Rf6 36. Rd7 Rd6 37. f4 Rxd7 38. fxe5 e6 39. Bc5 Rd2 40. Bd6 Rxg2+ 41. Kf1 Rxb2 0-1


[Site "https://www.chess.com"]

[Event "Titled Tuesday Blitz April 11 Early 2023"]
[White "Chernomordik, Pavel"]
[Black "TimGrutter03"]
[WhiteFideId "2804530"]
[WhiteElo "2193"]
[BlackElo "2588"]
[Result "0-1"]
[Round "07"]
[TimeControl "180+2"]
[Date "2023.04.11"]
[WhiteClock "0:00:01"]
[BlackClock "0:00:03"]

1. e4 g6 2. d4 Bg7 3. Nc3 d6 4. f4 a6 5. Nf3 b5 6. Bd3 b4 7. Ne2 Bb7 8. Ng3 h5 9. O-O h4 10. Ne2 c5 11. c3 Nd7 12. cxb4 cxd4 13. Nexd4 Ngf6 14. Qe2 Qb6 15. Be3 Ng4 16. a3 Nxe3 17. Qxe3 e5 18. fxe5 Nxe5 19. Kh1 O-O 20. Rae1 h3 21. gxh3 Nxf3 22. Nxf3 Qxe3 23. Rxe3 Bxb2 24. Bc4 Kg7 25. Ng5 Bf6 26. h4 Rae8 27. Ref3 Rxe4 28. Nxe4 Bxe4 29. Bxa6 Ra8 30. b5 Bd4 31. Kg2 Rh8 32. Kh3 Bxf3 33. Rxf3 Rh5 34. Rd3 Bc5 35. a4 Bb4 36. Bb7 Be1 37. Rxd6 Rxh4+ 38. Kg2 Rxa4 39. Rd7 Ra2+ 40. Kg1 Bf2+ 41. Kf1 Bb6 42. Rxf7+ Kxf7 43. Bd5+ Kf6 44. Bxa2 Kg5 45. Bb1 Kh6 46. Ke2 Kh5 47. Kd3 g5 48. Ke4 Kh4 49. Kf5 Bc7 0-1


[Site "https://www.chess.com"]

[Event "Titled Tuesday Blitz April 11 Early 2023"]
[White "Yosha_Iglesias"]
[Black "Kucuksari, Kaan"]
[BlackFideId "6380166"]
[WhiteElo "2465"]
[BlackElo "2364"]
[Result "0-1"]
[Round "07"]
[TimeControl "180+2"]
[Date "2023.04.11"]
[WhiteClock "0:00:04"]
[BlackClock "0:00:10"]

1. d4 Nf6 2. Nf3 d5 3. e3 e6 4. Bd3 b6 5. Nbd2 Bb7 6. O-O Be7 7. b3 O-O 8. Bb2 c5 9. c4 cxd4 10. exd4 Nc6 11. Rc1 Rc8 12. Qe2 Bd6 13. c5 Bf4 14. Ne5 Nxe5 15. dxe5 Ne4 16. Bxe4 dxe4 17. Rcd1 Qg5 18. Nxe4 Qg6 19. Ng3 Rxc5 20. Rd7 Rc2 21. Qd1 Bd5 22. Ba3 Rfc8 23. Rxd5 exd5 24. Qxd5 Qe6 25. Qe4 Qxe5 26. Qf3 g6 27. Ne4 R2c6 28. g3 Bh6 29. Re1 Bg7 30. Re2 Qa1+ 31. Kg2 h6 32. Nd6 Rxd6 33. Bxd6 Qd4 34. Bf4 Qd7 35. Be5 Bf8 36. Qf6 Qc6+ 37. f3 Qxf6 38. Bxf6 Rc6 39. Bd4 Rd6 40. Be5 Re6 41. f4 f6 0-1


[Site "https://www.chess.com"]

[Event "Titled Tuesday Blitz April 11 Early 2023"]
[White "Dudzinski, Pawel"]
[Black "MKlose11"]
[WhiteFideId "1117890"]
[WhiteElo "2099"]
[BlackElo "2580"]
[Result "0-1"]
[Round "07"]
[TimeControl "180+2"]
[Date "2023.04.11"]
[WhiteClock "0:00:04"]
[BlackClock "0:00:22"]

1. e4 e6 2. d4 d5 3. Nd2 Be7 4. Bd3 c5 5. dxc5 Nf6 6. exd5 exd5 7. Ngf3 O-O 8. O-O Bxc5 9. Nb3 Bb6 10. Bg5 Bg4 11. Bh4 Nc6 12. Re1 Qd6 13. Bg3 Qd7 14. Be2 Ne4 15. Nfd4 Bxe2 16. Rxe2 a5 17. a4 Rfe8 18. c3 Rad8 19. Qd3 Nxg3 20. hxg3 Rxe2 21. Nxe2 Ne5 22. Qb5 Nc4 23. Qxd7 Rxd7 24. Rb1 h6 25. Nbd4 Re7 26. b3 Nd2 27. Rb2 Ne4 28. Rc2 Rc7 29. Nb5 Bxf2+ 30. Kf1 Rc8 31. Nd6 Nxd6 32. Kxf2 f6 33. Kf3 Kf7 34. Nf4 d4 35. c4 Re8 36. Nd5 Re1 37. Rd2 Rb1 38. Rd3 f5 39. g4 g6 40. c5 Ne4 41. gxf5 gxf5 42. Kf4 Ke6 43. Rxd4 Rf1+ 44. Ke3 Ke5 45. Rd3 Re1+ 46. Kf3 Rf1+ 47. Ke2 Rf2+ 48. Ke3 Rxg2 49. Nc7 Rg3+ 50. Ke2 Rxd3 51. Kxd3 Nxc5+ 52. Kc4 Ne4 53. b4 axb4 54. a5 h5 55. Ne8 h4 56. a6 bxa6 0-1


[Site "https://www.chess.com"]

[Event "Titled Tuesday Blitz April 11 Early 2023"]
[White "Manukian, Artak"]
[Black "Kim, Sergey"]
[WhiteFideId "13301373"]
[BlackFideId "13700570"]
[WhiteElo "2130"]
[BlackElo "2576"]
[Result "0-1"]
[Round "07"]
[TimeControl "180+2"]
[Date "2023.04.11"]
[WhiteClock "0:00:02"]
[BlackClock "0:00:49"]

1. e4 e5 2. Nf3 Nc6 3. d4 exd4 4. Nxd4 Bc5 5. Nxc6 Qf6 6. Qf3 dxc6 7. Nc3 Be6 8. Be3 Bb4 9. Qxf6 Nxf6 10. f3 O-O-O 11. a3 Be7 12. Bxa7 b6 13. Ba6+ Kd7 14. O-O-O+ Ke8 15. Bb7 Bd7 16. a4 Bb4 17. Na2 Bc5 18. b4 Be3+ 19. Kb2 c5 20. a5 cxb4 21. axb6 cxb6 22. Nxb4 Bc5 23. Nc6 Bxc6 24. Bxc6+ Ke7 25. e5 Nd7 26. f4 g5 27. g3 gxf4 28. gxf4 Rhg8 29. Kb3 Nb8 30. Be4 Na6 31. c3 Nc7 0-1


[Site "https://www.chess.com"]

[Event "Titled Tuesday Blitz April 11 Early 2023"]
[White "Petre, Nad-Titus"]
[Black "Jimenez Jimenez, Leandro"]
[WhiteFideId "1204165"]
[BlackFideId "6415253"]
[WhiteElo "2354"]
[BlackElo "2263"]
[Result "1-0"]
[Round "07"]
[TimeControl "180+2"]
[Date "2023.04.11"]
[WhiteClock "0:00:23"]
[BlackClock "0:00:02"]

1. e4 e5 2. Nf3 Nc6 3. d4 exd4 4. Bc4 Nf6 5. e5 d5 6. Bb5 Ne4 7. Nxd4 Bc5 8. Nxc6 Bxf2+ 9. Kf1 bxc6 10. Bxc6+ Kf8 11. Nc3 Ba6+ 12. Nb5 Rb8 13. a4 Qh4 14. Ra3 Ng3+ 15. Rxg3 Bxg3 16. Qxd5 Rd8 17. Qc5+ Kg8 18. Ke2 Qg4+ 19. Bf3 Qh4 20. Be3 Bxh2 21. Bg1 Bxb5+ 22. axb5 Qa4 23. Rxh2 Qa1 24. Bd4 Qb1 25. b4 Qc1 26. Rh4 h6 27. e6 fxe6 28. Qe5 Re8 29. Qxg7# 1-0


[Site "https://www.chess.com"]

[Event "Titled Tuesday Blitz April 11 Early 2023"]
[White "Shevtchenko, Olesya"]
[Black "Pniaczek, Marek"]
[WhiteFideId "24131890"]
[BlackFideId "21800421"]
[WhiteElo "2003"]
[BlackElo "2138"]
[Result "1-0"]
[Round "07"]
[TimeControl "180+2"]
[Date "2023.04.11"]
[WhiteClock "0:00:35"]
[BlackClock "0:00:01"]

1. e4 e5 2. Bc4 Nf6 3. Nc3 Nxe4 4. Qh5 Nd6 5. Bb3 Be7 6. Nf3 Nc6 7. Nxe5 Nxe5 8. Qxe5 O-O 9. O-O Bf6 10. Qf4 Bg5 11. Qf3 c6 12. d4 Bxc1 13. Raxc1 Qg5 14. Rce1 Nf5 15. Ne4 Qg6 16. d5 Nd4 17. Qg3 Nxb3 18. axb3 cxd5 19. Nd6 b6 20. Re7 Qxc2 21. Qf3 Ba6 22. Ra1 Qxb2 23. Rae1 Qf6 24. Qxd5 Rab8 25. Ne8 Qc6 26. Qe5 f6 27. Qxb8 Kh8 28. Qg3 Qc5 29. Qxg7# 1-0


[Site "https://www.chess.com"]

[Event "Titled Tuesday Blitz April 11 Early 2023"]
[White "Chandreyee, Hajra"]
[Black "Pham, Le Thao Nguyen"]
[WhiteFideId "5056535"]
[BlackFideId "12401226"]
[WhiteElo "1725"]
[BlackElo "2286"]
[Result "0-1"]
[Round "07"]
[TimeControl "180+2"]
[Date "2023.04.11"]
[WhiteClock "0:01:01"]
[BlackClock "0:00:22"]

1. e4 c5 2. Nf3 e6 3. d4 cxd4 4. Nxd4 a6 5. Bd3 Nc6 6. Nb3 Nf6 7. O-O Be7 8. c4 d6 9. Nc3 O-O 10. Kh1 b6 11. f4 Bb7 12. Qf3 Qc7 13. a3 Rfd8 14. Qh3 g6 15. f5 Bc8 16. fxg6 fxg6 17. Bg5 Nh5 18. Bxe7 Qxe7 19. Be2 Nf6 20. Rf2 Rf8 21. Raf1 Nd7 22. Bg4 Nd8 23. Nd4 Rxf2 24. Rxf2 Ne5 25. Nd5 exd5 26. Bxc8 dxe4 27. Ne6 Nxe6 28. Bxe6+ Kg7 29. Bd5 Rf8 30. Qe3 Rxf2 31. Qxf2 Ng4 32. Qd4+ Nf6 33. Qe3 Qe5 34. b4 Qa1+ 35. Qg1 Qxg1+ 36. Kxg1 Nxd5 37. cxd5 Kf6 38. Kf2 Ke5 39. Ke3 Kxd5 0-1


[Site "https://www.chess.com"]

[Event "Titled Tuesday Blitz April 11 Early 2023"]
[White "Cori T., Deysi"]
[Black "Leebit02"]
[WhiteFideId "3801934"]
[WhiteElo "2292"]
[BlackElo "2447"]
[Result "1-0"]
[Round "07"]
[TimeControl "180+2"]
[Date "2023.04.11"]
[WhiteClock "0:02:37"]
[BlackClock "0:01:24"]

1. d4 Nf6 2. Nf3 g6 3. g3 Bg7 4. Bg2 c5 5. O-O cxd4 6. Nxd4 O-O 7. c4 d5 8. cxd5 Nxd5 9. Nb5 e6 10. N1c3 a6 11. Nxd5 axb5 12. Nb4 Qe7 13. Qb3 Nd7 14. Nd3 Nc5 15. Qb4 b6 16. Bxa8 1-0


[Site "https://www.chess.com"]

[Event "Titled Tuesday Blitz April 11 Early 2023"]
[White "Gonzalez, Francisco Silva"]
[Black "Royal, Shreyas"]
[WhiteFideId "1512285"]
[BlackFideId "448869"]
[WhiteElo "2074"]
[BlackElo "2331"]
[Result "1-0"]
[Round "07"]
[TimeControl "180+2"]
[Date "2023.04.11"]
[WhiteClock "0:00:33"]
[BlackClock "0:01:15"]

1. d4 Nf6 2. c4 e6 3. Nc3 Bb4 4. a3 Bxc3+ 5. bxc3 c5 6. e3 Nc6 7. Bd3 O-O 8. e4 Ne8 9. Nf3 d5 10. cxd5 exd5 11. e5 g6 12. h3 Ng7 13. Bg5 Qa5 14. Bd2 Bf5 15. Be2 Be4 16. O-O Qc7 17. Bg5 Ne6 18. Bf6 Bxf3 19. Bxf3 cxd4 20. cxd4 Ncxd4 21. Bxd5 Nf5 22. Bxe6 fxe6 23. Rc1 Qf7 24. Qc2 Ng7 25. g4 Ne8 26. g5 Nxf6 27. gxf6 g5 28. Rfd1 Qh5 29. Rd3 g4 30. Qc7 Rf7 31. Rd8+ Rxd8 32. Qxd8+ Rf8 33. Qe7 Qg6 34. Kh2 Qh6 35. Qxe6+ Kh8 36. Qxg4 Rg8 37. Qc4 Qd2 38. Rf1 Qb2 39. Qf4 Qxa3 40. f7 Rf8 1-0


[Site "https://www.chess.com"]

[Event "Titled Tuesday Blitz April 11 Early 2023"]
[White "Eynullayev, Atilla"]
[Black "Zacurdajev, Dmitry"]
[WhiteFideId "13413570"]
[BlackFideId "4196309"]
[WhiteElo "2181"]
[BlackElo "2189"]
[Result "1-0"]
[Round "07"]
[TimeControl "180+2"]
[Date "2023.04.11"]
[WhiteClock "0:00:14"]
[BlackClock "0:00:12"]

1. d4 d5 2. c4 e6 3. Nc3 Nf6 4. cxd5 exd5 5. Bg5 Be7 6. e3 c6 7. Bd3 Nbd7 8. Nf3 Nh5 9. Bxe7 Qxe7 10. O-O O-O 11. Qb1 g6 12. b4 a6 13. a4 Ndf6 14. b5 axb5 15. axb5 Rxa1 16. Qxa1 c5 17. Qa3 b6 18. dxc5 Qxc5 19. Qa1 Ne4 20. Na4 Qd6 21. Qd4 Nc5 22. Nc3 Nxd3 23. Qxd3 Nf6 24. Rd1 Bf5 25. Qd4 Rd8 26. Ne5 Qc5 27. Nc6 Qxd4 28. Rxd4 Rd6 29. f3 Kf8 30. Kf2 Bd7 31. Nb4 Be6 32. e4 Rd8 33. exd5 Bf5 34. d6 Nd7 35. Nc6 Ra8 36. Nd5 Ra2+ 37. Kg3 Be6 38. Nc7 Nc5 39. Nxe6+ Nxe6 40. d7 Ra8 41. d8=Q+ Nxd8 42. Rxd8+ Rxd8 43. Nxd8 Ke7 44. Nc6+ Kd6 45. Kf4 Kc5 46. Ne5 Kxb5 47. Nxf7 Kc4 48. Nd6+ Kd5 49. Nb5 Kc5 50. Nc3 Kc4 51. Ne4 Kd5 52. Kg5 b5 53. Nc3+ Kc4 54. Nxb5 Kxb5 55. Kh6 Kc5 56. Kxh7 Kd4 57. Kxg6 Ke3 58. h4 Kf2 59. h5 1-0


[Site "https://www.chess.com"]

[Event "Titled Tuesday Blitz April 11 Early 2023"]
[White "Shukhman, Anna"]
[Black "Hadzimanolis, Antonios"]
[WhiteFideId "54180058"]
[BlackFideId "4202813"]
[WhiteElo "2125"]
[BlackElo "2242"]
[Result "1/2-1/2"]
[Round "07"]
[TimeControl "180+2"]
[Date "2023.04.11"]
[WhiteClock "0:00:08"]
[BlackClock "0:00:11"]

1. e4 e5 2. Nf3 Nc6 3. Bc4 Nf6 4. d3 h6 5. c3 d6 6. a4 g5 7. h3 Bg7 8. Be3 O-O 9. Nbd2 Be6 10. b4 d5 11. Bb3 dxe4 12. dxe4 Bxb3 13. Qxb3 Qd3 14. b5 Nxe4 15. Nxe4 Qxe4 16. bxc6 Qxc6 17. O-O Rad8 18. Rfd1 b6 19. Qb5 Qe6 20. a5 f5 21. axb6 axb6 22. Rxd8 Rxd8 23. Re1 c5 24. h4 e4 25. Nd2 f4 26. Bxc5 Rxd2 27. Qxb6 Qxb6 28. Bxb6 Bxc3 29. Rxe4 Kf7 30. hxg5 hxg5 31. f3 Kf6 32. Kh2 Kf5 33. Re8 Rd6 34. Bc5 Rh6+ 35. Kg1 Rc6 36. Rf8+ Kg6 37. Bf2 Rd6 38. Rc8 Rd1+ 39. Kh2 Be5 40. Rc6+ Kf5 41. Rc8 g4 42. Rf8+ Bf6 43. fxg4+ Kg6 44. Ra8 Rd2 45. Bc5 Be5 46. Kg1 Rc2 47. Bf2 Rc1+ 48. Kh2 Rc2 49. Kg1 Rc1+ 50. Kh2 Rc2 51. Kg1 1/2-1/2


[Site "https://www.chess.com"]

[Event "Titled Tuesday Blitz April 11 Early 2023"]
[White "Kozin, Yuri"]
[Black "Mika, Tomasz"]
[WhiteFideId "4129920"]
[BlackFideId "1132970"]
[WhiteElo "2553"]
[BlackElo "2179"]
[Result "1-0"]
[Round "07"]
[TimeControl "180+2"]
[Date "2023.04.11"]
[WhiteClock "0:00:57"]
[BlackClock "0:00:06"]

1. e4 c6 2. d4 d5 3. exd5 cxd5 4. c4 Nf6 5. Nc3 Nc6 6. Bg5 Ne4 7. Nxe4 dxe4 8. d5 Ne5 9. Bd2 g6 10. Bc3 Bg7 11. f4 exf3 12. Nxf3 Qc7 13. Rc1 O-O 14. Be2 Bf5 15. O-O Qb6+ 16. Nd4 Nd3 17. Bxd3 Bxd4+ 18. Kh1 Bxc3 19. bxc3 Bxd3 20. Qxd3 Rac8 21. Rf4 e5 22. Rh4 f5 23. d6 Rcd8 24. Qd5+ Kg7 25. c5 Qc6 26. Qxe5+ Rf6 27. Qe7+ Rf7 28. Qxd8 Qxc5 29. Rd4 1-0


[Site "https://www.chess.com"]

[Event "Titled Tuesday Blitz April 11 Early 2023"]
[White "ArtemDyachuk"]
[Black "Bilan, Danila"]
[BlackFideId "24161918"]
[WhiteElo "2405"]
[BlackElo "2182"]
[Result "1-0"]
[Round "07"]
[TimeControl "180+2"]
[Date "2023.04.11"]
[WhiteClock "0:00:11"]
[BlackClock "0:00:02"]

1. Nf3 d5 2. e3 Nf6 3. c4 c6 4. Nc3 e6 5. b3 Nbd7 6. Bb2 Bd6 7. Qc2 Qe7 8. Be2 a6 9. O-O e5 10. cxd5 cxd5 11. Rac1 O-O 12. d4 e4 13. Nd2 b5 14. Rfe1 Bb7 15. Nf1 Rac8 16. Qb1 Rc7 17. Ng3 g6 18. a3 Rfc8 19. b4 Nb6 20. Na2 Nc4 21. Bxc4 Rxc4 22. Nf1 Nd7 23. Nd2 Nb6 24. Nxc4 dxc4 25. Nc3 f5 26. d5 Be5 27. Rcd1 Qd6 28. g3 Rd8 29. Ne2 Nxd5 30. Bxe5 Qxe5 31. Rd4 Re8 32. Red1 Nf6 33. Qc2 Ng4 34. Rd7 Bc6 35. Ra7 Qf6 36. Nd4 Bd5 37. Nxb5 axb5 38. Rxd5 Ne5 39. Kg2 Nf3 40. Qd1 Qb2 41. Rdd7 h5 42. Qd5+ Kh8 43. Rh7# 1-0


[Site "https://www.chess.com"]

[Event "Titled Tuesday Blitz April 11 Early 2023"]
[White "Ahn, Hongjin"]
[Black "Marcziter, Dmitrii"]
[WhiteFideId "13201492"]
[BlackFideId "13900765"]
[WhiteElo "2182"]
[BlackElo "2162"]
[Result "1-0"]
[Round "07"]
[TimeControl "180+2"]
[Date "2023.04.11"]
[WhiteClock "0:00:07"]
[BlackClock "0:01:18"]

1. b4 e5 2. Bb2 Bd6 3. c4 c6 4. c5 Bc7 5. d4 Qe7 6. Nc3 Nf6 7. dxe5 Bxe5 8. Nf3 Bc7 9. Qd4 d5 10. e3 Bf5 11. Be2 Nbd7 12. h3 h6 13. a3 a5 14. g4 Bh7 15. Kf1 axb4 16. axb4 Rxa1+ 17. Bxa1 O-O 18. h4 Ne8 19. h5 Be4 20. g5 hxg5 21. h6 f6 22. hxg7 Nxg7 23. Nxe4 dxe4 24. Bc4+ Ne6 25. Qxe4 Re8 26. Bxe6+ Qxe6 27. Qg6+ Kf8 28. Rh8+ Ke7 29. Rxe8# 1-0


[Site "https://www.chess.com"]